 Dungeon Crawl Stone Soup version 0.27-a0-417-g317cea8a3c (webtiles) character file.

Game seed: 4023207341770477872

1248 jasper the Covert (level 8, -1/41 HPs)
             Began as a Vampire Enchanter on Feb 25, 2021.
             Was a Priest of Okawaru.
             Slain by a gnoll
             ... wielding a +4 spear
              (6 damage)
             ... on level 7 of the Dungeon.
             The game lasted 00:08:31 (5602 turns).

jasper the Covert (Vampire Enchanter)               Turns: 5602, Time: 00:08:31

Health: -1/41      AC:  4    Str:  8    XL:     8   Next: 26%
Magic:  1/11       EV: 12    Int: 19    God:    Okawaru [***...]
Gold:   211        SH:  0    Dex: 14    Spells: 5/11 levels left

rFire    . . .     SeeInvis +   a - +1 dagger
rCold    + + .     Faith    .   (no shield)
rNeg     + + +     Spirit   .   b - +0 robe
rPois    ∞         Reflect  .   f - +0 helmet
rElec    .         Harm     .   (no cloak)
rCorr    .         Rampage  .   (no gloves)
Will     .....                  n - +0 pair of boots
Stlth    ++++++....             (no amulet)
HPRegen  0.00/turn              (no ring)
MPRegen  0.12/turn              (no ring)

@: very slightly contaminated, bloodless
A: fangs 3, see invisible, unbreathing
a: Bat Form, Revivify, Renounce Religion, Heroism


You were on level 7 of the Dungeon.
You worshipped Okawaru.
Okawaru was most pleased with you.
You visited 1 branch of the dungeon, and saw 6 of its levels.

You collected 211 gold pieces.

Inventory:

Hand Weapons
 a - a +1 dagger (weapon)
Missiles
 i - 6 boomerangs
 s - 11 poisoned darts
Armour
 b - a +0 robe (worn)
 f - a +0 helmet (worn)
 l - a +4 scale mail of cold resistance
 n - a +0 pair of boots (worn)
Jewellery
 t - a ring of positive energy
 u - an amulet of magic regeneration
Wands
 k - a wand of digging (6)
Scrolls
 e - a scroll of identify
 g - 4 scrolls of teleportation {unknown}
 h - a scroll of noise {unknown}
 m - a scroll of immolation {unknown}
 o - a scroll of fog {unknown}
 q - a scroll of fear {unknown}
 r - a scroll of amnesia {unknown}
Potions
 c - a potion of lignification
 d - a potion of mutation
 j - 4 potions of curing
 p - a potion of berserk rage
 w - a potion of might {unknown}


   Skills:
 * Level 7.6 Short Blades
 - Level 2.1 Dodging
 + Level 8.8 Stealth
 - Level 2.0 Spellcasting
 - Level 8.0 Hexes
 - Level 2.0 Ice Magic


You had 5 spell levels left.
You knew the following spells:

 Your Spells              Type           Power        Failure   Level
a - Corona                Hex            35%          1%          1
b - Ensorcelled Hibernat  Hex/Ice        42%          3%          2
c - Confusing Touch       Hex            32%          1%          3

Your spell library contained the following spells:

 Spells                   Type           Power        Failure   Level
 Tukima's Dance           Hex            32%          1%          3
 Dazzling Flash           Conj/Hex       34%          10%         3


Dungeon Overview and Level Annotations

Branches:
Dungeon (7/15)             Temple (0/1) D:7

Altars:
Cheibriados
Dithmenos
Elyvilon
Makhleb
Nemelex Xobeh
Okawaru
Qazlal
Sif Muna
Uskayaw
Wu Jian
Xom

Portals:
Bailey: D:7

Annotations:
D:7 Duvessa


Innate Abilities, Weirdness & Mutations

You do not regenerate when monsters are visible.
You are frail without blood (-20% HP).
You can heal yourself when you bite living creatures.
You are immune to poison.
You have razor-sharp teeth.
You have supernaturally acute eyesight. (SInv)
You can survive without breathing.


Message History

Here: a gnoll, wielding a +4 spear (lightly wounded)
The floor.
Unknown command.
The gnoll hits you from afar with a +4 spear.
* * * LOW HITPOINT WARNING * * *
You take 1 damage, and have 3/41 hp.
You feel better.
You regained 9 hp, and now have 12/41 hp.
Okay, then.
Aiming: Ensorcelled Hibernation (safe; 3% risk of failure)
Press: ? - help, Q - select action, (/) - cycle Shift-Dir - straight line, f/p - gnoll
Aim: a gnoll, wielding a +4 spear (lightly wounded, chance to affect: 60%)
You miscast Ensorcelled Hibernation.
You are very lightly contaminated with residual magic.
Nothing appears to happen.
The gnoll misses you.
You now have 5/11 mp.
Aiming: Ensorcelled Hibernation (safe; 3% risk of failure)
Press: ? - help, Q - select action, (/) - cycle Shift-Dir - straight line, f/p - gnoll
Aim: a gnoll, wielding a +4 spear (lightly wounded, chance to affect: 60%)
The gnoll resists with significant effort.
The gnoll closely misses you.
You now have 3/11 mp.
Aiming: Ensorcelled Hibernation (safe; 3% risk of failure)
Press: ? - help, Q - select action, (/) - cycle Shift-Dir - straight line, f/p - gnoll
Aim: a gnoll, wielding a +4 spear (lightly wounded, chance to affect: 60%)
The gnoll looks drowsy...
You now have 1/11 mp.
The goblin closely misses you. The gnoll hits you but does no damage.
The gnoll misses you.
You closely miss the gnoll.
The gnoll is lightly wounded.
The goblin hits you from afar with a +0 spear.
* * * LOW HITPOINT WARNING * * *
The gnoll hits you with a +4 spear.
* * * LOW HITPOINT WARNING * * *
The gnoll closely misses you.
You take 7 damage, and have 5/41 hp.
The gnoll hits you from afar with a +4 spear.
You die...

*+** *,,,,,,,#** *##.### *,**
*,,,,,*,..*** *.....** **,*
*,.[,,***..,* *...#,,** *,**
**#..** **#.####..#**,,## **,*
*#.#* *......#*,**,.# **,**
#..### **##..##,∩,*#.# *,,,*
**...# ##....+#,##/.# ,,,,*
**#.####..##..###..#* ,,,,*
#.g.@..####..#..#* .,,,* #gg#####
##....#### ..,** ###..#
###.....## #.#########...##*
#####..# #....$......#...#* ##..
**#.........###..#** *###
#.........#,,....# *********,,.
###.........#,,,...#**,,,,,,,,,##
............#,,,....,,,*********


You could see 2 gnolls and a goblin.

Vanquished Creatures
  Harold (D:7)
  An ice beast (D:5)
  2 hounds (D:4)
  An orc priest (D:7)
  Terence (D:2)
  4 orc wizards
  A worker ant (D:4)
  A hound skeleton (D:4)
  4 gnolls (D:4)
  5 adders
  An ooze (D:2)
  2 worms
  4 dart slugs
  5 leopard geckos
  13 orcs
  7 giant cockroaches
  4 goblins
  6 hobgoblins
  6 jackals (D:4)
  9 kobolds
  4 quokkas
  2 ball pythons (D:1)
  3 bats (D:2)
  6 frilled lizards
  13 rats
106 creatures vanquished.

Notes
Turn   | Place    | Note
-------+----------+-------------------------------------------
     0 | D:1      | jasper the Vampire Enchanter began the quest for the Orb.
     0 | D:1      | Reached XP level 1. HP: 13/13 MP: 3/3
   343 | D:1      | Reached skill level 5 in Hexes
   380 | D:1      | Reached XP level 2. HP: 15/15 MP: 5/5
   392 | D:1      | Learned a level 2 spell: Ensorcelled Hibernation
   732 | D:1      | Reached skill level 1 in Ice Magic
  1238 | D:1      | Reached XP level 3. HP: 15/19 MP: 0/6
  1301 | D:1      | Learned a level 3 spell: Confusing Touch
  1746 | D:2      | Noticed Terence
  1773 | D:2      | Killed Terence
  1774 | D:2      | Reached XP level 4. HP: 24/24 MP: 2/7
  1947 | D:2      | Found a shimmering blue altar of Sif Muna.
  2870 | D:3      | Found an iron altar of Okawaru.
  2875 | D:3      | Became a worshipper of Warmaster Okawaru
  3031 | D:3      | Reached XP level 5. HP: 28/28 MP: 8/8
  3444 | D:4      | Found a snail-covered altar of Cheibriados.
  4057 | D:4      | Reached skill level 5 in Stealth
  4266 | D:4      | Reached * piety under Okawaru
  4267 | D:4      | Reached XP level 6. HP: 32/32 MP: 9/9
  4810 | D:5      | Entered Level 5 of the Dungeon
  4971 | D:5      | Noticed an ice beast
  5147 | D:5      | Killed an ice beast
  5148 | D:5      | Reached XP level 7. HP: 18/36 MP: 6/10
  5382 | D:5      | Found a glowing golden altar of the Shining One.
  5384 | D:5      | Found an ornate altar of the Wu Jian Council.
  5384 | D:5      | Found a burning altar of Makhleb.
  5386 | D:5      | Found a hide-covered altar of Uskayaw.
  5386 | D:5      | Found a shimmering altar of Xom.
  5386 | D:5      | Found a sparkling altar of Nemelex Xobeh.
  5420 | D:5      | You fall into a shaft and drop 2 floors!
  5420 | D:7      | Found a shadowy altar of Dithmenos.
  5441 | D:7      | Found a stormy altar of Qazlal.
  5444 | D:7      | Found a white marble altar of Elyvilon.
  5445 | D:7      | Found a hide-covered altar of Uskayaw.
  5493 | D:7      | Noticed Duvessa
  5503 | D:7      | Noticed Harold
  5514 | D:7      | Killed Harold
  5514 | D:7      | Reached ** piety under Okawaru
  5514 | D:7      | Reached *** piety under Okawaru
  5515 | D:7      | Reached XP level 8. HP: 38/41 MP: 2/11
  5562 | D:7      | Found a flagged portal.
  5602 | D:7      | Slain by a gnoll

Illustrated notes

Levels and vault maps discovered:
D:1:      lordsloth_arrival_two_stooges, layout_basic, lemuel_old_faithful
D:2:      layout_basic, led_sif_pool, uniq_terence
D:3:      layout_loops_corners, lemuel_doored_altar
D:4:      layout_loops_cross, kennysheep_slug_shrine, kennysheep_minor_cross
D:5:      layout_basic, lemuel_coloured_pillars_altar, doesnt_xom_only_xom,
          ebering_ghost_gozag, hangedman_ru_absence
D:7:      layout_rooms, gammafunk_temple_overflow_forgotten, temple_doors_e,
          enter_bailey_7, enter_ossuary_5, minivault_11,
          nicolae_dithmenos_the_darkroom, uniq_duvessa, uniq_harold,
          uniq_crazy_yiuf_cottage

Skill      XL: |  1  2  3  4  5  6  7 |
---------------+----------------------+-----
Hexes          | 5 6 7 8 |  8.0
Ice Magic      | 2 |  2.0
Short Blades   | 2 4 7 |  7.6
Stealth        | 5 6 8 |  8.8
Dodging        | |  2.1
Spellcasting   | |  2.0

Action                   |  1- 3 |  4- 6 |  7- 9 || total
-------------------------+-------+-------+-------++-------
Melee: Dagger            |   113 |   188 |    19 ||   320
       Bite              |     4 |     6 |       ||    10
Throw: Dart              |       |     4 |       ||     4
       Boomerang         |       |     2 |       ||     2
 Cast: Ensorcelled Hiber |    20 |    46 |    10 ||    76
       Confusing Touch   |     2 |     3 |     1 ||     6
 Abil: Exsanguinate      |     1 |       |       ||     1
  Use: Scroll            |       |     5 |     2 ||     7
       Potion            |       |     1 |     2 ||     3
 Stab: Sleeping          |    33 |    43 |     5 ||    81
       Confused          |     4 |     3 |       ||     7
       Invisible         |       |       |     2 ||     2
Armor: Robe              |    16 |    37 |     2 ||    55
Dodge: Dodged            |    59 |   101 |    15 ||   175

Table legend: (Time is in decaauts)
 A = Elapsed time spent in this place.
 B = Non-inter-level travel time spent in this place.
 C = Inter-level travel time spent in this place.
 D = Time resting spent in this place.
 E = Time spent auto-exploring this place.
 F = Levels seen in this place.
 G = Mean time per level.
                   A        B        C        D        E       F      G
               +--------+--------+--------+--------+--------+-----+--------+
         Total |   5578 |   5457 |    121 |    562 |   3910 |   6 |  929.7 |
       Dungeon |   5578 |   5457 |    121 |    562 |   3910 |   6 |  929.7 |
               +--------+--------+--------+--------+--------+-----+--------+

Top non-repeatable levels by time:
     D:4: 1486 daAuts
     D:1: 1297 daAuts
     D:2: 1178 daAuts
     D:3: 962 daAuts
     D:5: 475 daAuts
     D:7: 176 daAuts
